 Dungeon Crawl Stone Soup version 0.30-b1-2-g02819fbbbe (webtiles) character file.

Game seed: 8340015240450862894

189 loralnil the Insei (level 5, -1/44 (45) HPs)
             Began as a Draconian Transmuter on Nov 26, 2023.
             Killed by divine providence
             ... invoked by an orc priest
              (12 damage)
             ... on level 4 of the Dungeon.
             The game lasted 00:05:56 (2657 turns).

loralnil the Insei (Draconian Transmuter)           Turns: 2657, Time: 00:05:57

HP:   -1/44 (45)    AC:  2    Str: 12    XL:     5   Next: 40%
MP:   7/9           EV: 20    Int: 15    God:
Gold: 137           SH:  0    Dex: 17    Spells: 3/9 levels left

rFire   + .          .
                       - Unarmed
rCold   . . .        (shield currently unavailable)
rNeg    . . .        (body armour unavailable)
rPois   x            (helmet currently unavailable)
rElec   .            q - melded +2 cloak
rCorr   .            (gloves currently unavailable)
SInv    .            v - melded +1 pair of boots
Will    .....        (no amulet)
Stlth   ++           b - ring of fire
HPRegen 0.27/turn    y - ring of protection from cold
MPRegen 0.11/turn

%: no passive effects
@: spider-form (expiring), lightly drained
A: venomous fangs, AC +5, tiny, unfitting armour, (cold-blooded)
a: End Transformation


You were on level 4 of the Dungeon.
You were a venomous arachnid creature.
You visited 1 branch of the dungeon, and saw 4 of its levels.

You collected 137 gold pieces.

Inventory:

Armour
 q - a +2 cloak (melded)
 v - a +1 pair of boots (melded)
Magical Staves
 f - a staff of air
Jewellery
 b - a ring of fire (left front pincers)
 y - a ring of protection from cold (right front pincers)
Wands
 p - a wand of flame (11)
 x - a wand of light (12)
Scrolls
 c - a scroll of vulnerability
 i - 3 scrolls of torment
 j - a scroll of fog
 s - a scroll of immolation
Potions
 a - 2 potions of lignification
 d - 2 potions of brilliance
 e - 2 potions of cancellation
 g - a potion of mutation
 h - 2 potions of haste
 l - 2 potions of magic {unknown}
 m - a potion of berserk rage {unknown}
 n - a potion of attraction {unknown}
 r - 2 potions of curing {unknown}


   Skills:
 - Level 3.0 Fighting
 + Level 2.8 Dodging
 + Level 3.7 Unarmed Combat
 + Level 2.8 Spellcasting
 + Level 2.9 Transmutations


You had 3 spell levels left.
You knew the following spells:

 Your Spells              Type           Power      Damage    Failure   Level
a - Beastly Appendage     Tmut           22%        N/A       17%         1
b - Wereblood             Tmut           11%        N/A       22%         2
c - Spider Form           Tmut/Pois      6%         N/A       54%         3

Your spell library contained the following spells:

 Spells                   Type           Power      Damage    Failure   Level
 Magic Dart               Conj           8%         1d3       41%         1
 Call Imp                 Summ           4%         N/A       52%         2
 Mephitic Cloud           Conj/Pois/Air  2%         N/A       73%         3
 Ice Form                 Ice/Tmut       6%         N/A       88%         4


Dungeon Overview and Level Annotations

Branches:
Dungeon (4/15)
 Temple: D:4-7

Altars:
Gozag


Innate Abilities, Weirdness & Mutations

You are a venomous arachnid creature.
You have venomous fangs.
You are tiny and dextrous.
Your spellcasting is less reliable in this form.
Your armour is entirely melded.
You are incapable of wielding weapons or throwing items.
((Your plain brown scales are hard. (AC +5)))
You cannot fit into any form of body armour.
((You are cold-blooded and may be slowed by cold attacks.))


Message History

You closely miss the orc. You headbutt the orc.
You kill the orc!
You hear the brisk hiss of a very distant avalanche of sand.
You start resting.
Your transformation is almost over.
Magic restored.
You start waiting.
Your horns disappear.
Your talons disappear.
Your +1 pair of boots unmelds from your body.
Things that are here:
a +2 dagger of draining; a +0 leather armour
Casting: Beastly Appendage (safe; 6% risk of failure)
Confirm with . or Enter, or press ? or * to list all spells.
The spell is quite dangerous to miscast (32% risk of failure)!
Continue anyway?
Uppercase [Y]es or [N]o only, please.
The spell is quite dangerous to miscast (32% risk of failure)!
Continue anyway?
Uppercase [Y]es or [N]o only, please.
The spell is quite dangerous to miscast (32% risk of failure)!
Continue anyway?
You turn into a venomous arachnid creature.
Your +2 cloak melds into your body.
Your +1 pair of boots melds into your body.
The orc priest shouts!
Your transformation is almost over.
The orc wizard shouts!
The orc priest calls down the wrath of Beogh upon you.
Beogh smites you! The orc wizard misses you.
The orc priest hits you with a +0 whip.
You hit the orc priest.
The orc priest is poisoned.
The orc priest is moderately wounded.
The orc wizard hits you with a +0 dagger.
The orc priest calls down the wrath of Beogh upon you.
Pain shoots through your body!
* * * LOW HITPOINT WARNING * * *
You hit the orc priest.
The orc priest looks as sick as possible!
The orc priest is severely wounded.
The orc wizard barely misses you.
The orc priest invokes the aid of Beogh against you.
Beogh smites you!
You die...

.####.#.##.###...##.#.#####.#
....)......# ##.###.#......>#
.#..#.#.#..# #.###.###).####.#
.#))).#....####.....#.........#
..#...####......#####.#########
..........####...# ##.....#
#.###.###. #....######+###.#
......#.#.##.#.......... #.#
#.......#.##.#..s....... #.#
#######.#.##.#..oo...... #.#
..# #.#.#..#.......... #.# ###
#.#.#.##.......... #.#
#.#.#.##.......... #.#
#.#.#)##.......... #.######
#...........###### #.......
###..######.# ######## #.#...
#......


You could see an orc priest (extremely poisoned) and an orc wizard.

Vanquished Creatures
  A hound (D:3)
  Crazy Yiuf (D:2)
  A sleepcap (D:4)
  4 adders
  A worm (D:2)
  A dart slug (D:1)
  4 orcs (D:4)
  8 endoplasms
  2 giant cockroaches
  3 goblins
  8 hobgoblins
  6 kobolds
  A quokka (D:1)
  4 ball pythons
  6 bats
  2 frilled lizards (D:1)
  7 rats
60 creatures vanquished.

Vanquished Creatures (others)
  A withered plant (D:2)
1 creature vanquished.

Grand Total: 61 creatures vanquished

Notes
Turn   | Place    | Note
-------+----------+-------------------------------------------
     0 | D:1      | loralnil the Draconian Transmuter began the quest for the
                  | Orb.
     0 | D:1      | Reached XP level 1. HP: 16/16 MP: 3/3
   231 | D:1      | Reached XP level 2. HP: 23/23 MP: 3/5
   386 | D:1      | Learned a level 2 spell: Wereblood
   778 | D:2      | Found a faded altar of an unknown god.
   793 | D:2      | Reached XP level 3. HP: 27/29 MP: 4/6
   797 | D:2      | Learned a level 3 spell: Spider Form
   885 | D:2      | Identified the +0 robe of Music {rPois Int+4}
  1307 | D:2      | Found a runed translucent door.
  1308 | D:2      | Noticed Crazy Yiuf
  1317 | D:2      | Killed Crazy Yiuf
  1318 | D:2      | Reached XP level 4. HP: 37/37 MP: 3/7
  1839 | D:3      | Reached XP level 5. HP: 44/44 MP: 6/8
  2252 | D:4      | Found an opulent altar of Gozag.
  2657 | D:4      | Killed from afar by an orc priest

Illustrated notes

Levels and vault maps discovered:
D:1:      evilmike_arrival_hilbert_curve, layout_loops_ring
D:2:      layout_rooms, ebering_ecumenical_altar_petrified,
          uniq_crazy_yiuf_cottage
D:3:      layout_basic
D:4:      cheibrodos_quashed, layout_basic, nicolae_overflow_crystal_walls,
          mainiacjoe_overflow_six_doors_small, enter_ossuary_1

Skill      XL: |  1  2  3  4  5 |
---------------+----------------+-----
Dodging        | 2 |  2.8
Fighting       | 2 3 |  3.0
Unarmed Combat | |  3.7
Spellcasting   | |  2.8
Transmutations | |  2.9

Action                     |  1- 3 |  4- 6 || total
---------------------------+-------+-------++-------
  Melee: Unarmed           |    99 |    76 ||   175
         Kick              |    18 |    17 ||    35
         Headbutt          |    15 |    11 ||    26
         Tailslap          |     8 |     8 ||    16
         Punch             |     2 |     1 ||     3
   Cast: Beastly Appendage |    23 |    14 ||    37
         Spider Form       |     1 |     2 ||     3
    Use: Scroll            |     5 |     8 ||    13
   Stab: Sleeping          |     1 |       ||     1
 Armour: Skin              |    15 |    28 ||    43
  Dodge: Dodged            |    58 |    64 ||   122
